 Dungeon Crawl Stone Soup version 0.28-a0-863-g8cecda6153 (webtiles) character file.

Game seed: 17144493467806211712

108537 pokeman the Sorcerer (level 16, -3/101 HPs)
             Began as a Deep Elf Hedge Wizard on Nov 18, 2021.
             Was a High Priest of Vehumet.
             Slain by a saltling (9 damage)
             ... in the Desolation of Salt.
             The game lasted 01:42:37 (35466 turns).

pokeman the Sorcerer (Deep Elf Hedge Wizard)       Turns: 35466, Time: 01:42:37

Health: -3/101     AC: 24    Str:  7    XL:     16   Next: 2%
Magic:  8/45       EV:  8    Int: 27    God:    Vehumet [*****.]
Gold:   1445       SH:  0    Dex: 14    Spells: 29/61 levels left

rFire   + + +      SeeInvis +   q - staff of conjuration
rCold   x . .      Faith    .   (no shield)
rNeg    . . .      Spirit   .   D - +2 fire dragon scales
rPois   +          Reflect  .   p - +2 helmet {SInv}
rElec   .          Harm     .   c - +0 cloak
rCorr   .          Rampage  .   l - +2 pair of gloves
Will    +....                   j - +2 pair of boots {Fly}
Stlth   +.........              U - amulet of magic regeneration
HPRegen 0.26/turn               H - ring of poison resistance
MPRegen 0.54/turn               x - ring of fire

@: on blink cooldown, flying, studying Conjurations
A: cold resistance 1, robust 1, subdued magic 1
a: Renounce Religion


You were in the Desolation of Salt.
You worshipped Vehumet.
Vehumet was extremely pleased with you.
You visited 5 branches of the dungeon, and saw 25 of its levels.
You also visited: Bailey, Volcano and Desolation.

You collected 2872 gold pieces.
You spent 1427 gold pieces at shops.

Inventory:

Hand Weapons
 a - the +7 shortbow of Chance {freeze, rElec Str+4 Dex+7}
   (You found it on level 1 of the Orcish Mines)

   Any ammunition fired from it freezes those it strikes, dealing additional
   cold damage.
   It can also slow down cold-blooded creatures.
   Str:       It affects your strength (+4).
   Dex:       It affects your dexterity (+7).
   rElec:     It insulates you from electricity.
 C - a +6 whip of venom
Missiles
 f - 433 arrows
Armour
 c - a +0 cloak (worn)
 e - a +0 buckler
 j - a +2 pair of boots of flying (worn)
 l - a +2 pair of gloves (worn)
 p - a +2 helmet of see invisible (worn)
 D - +2 fire dragon scales (worn)
Magical Staves
 q - a staff of conjuration (weapon)
Jewellery
 x - a ring of fire (right hand)
 H - a ring of poison resistance (left hand)
 U - an amulet of magic regeneration (around neck)
Wands
 n - a wand of digging (24)
 J - a wand of acid (1)
 O - a wand of mindburst (4)
 Q - a wand of iceblast (9)
Scrolls
 b - 10 scrolls of teleportation
 I - 4 scrolls of magic mapping
 S - 3 scrolls of blinking
Potions
 d - 2 potions of haste
 h - 5 potions of curing
 k - 2 potions of magic {unknown}
 o - 6 potions of heal wounds
 w - 4 potions of flight {unknown}
 A - a potion of invisibility {unknown}
 G - 2 potions of attraction {unknown}
 K - a potion of ambrosia {unknown}
 L - 4 potions of lignification {unknown}
 M - a potion of might {unknown}
 V - 2 potions of experience {unknown}
Miscellaneous
 t - a box of beasts
 y - a tin of tremorstones (2/2)
 P - a piece from Xom's chessboard (15/15)
 W - a lightning rod (4/4)


   Skills:
 - Level 7.0 Fighting
 - Level 8.3 Armour
 - Level 4.0 Dodging
 - Level 3.0 Stealth
 + Level 1.2 Shields
 * Level 23.4 Spellcasting
 + Level 15.1 Conjurations
 - Level 1.1 Summonings
 - Level 1.0 Necromancy
 - Level 1.1 Translocations
 + Level 14.0 Fire Magic
 - Level 1.1 Air Magic
 - Level 1.0 Earth Magic
 - Level 1.0 Poison Magic
 - Level 1.2 Evocations


You had 29 spell levels left.
You knew the following spells:

 Your Spells              Type           Power      Damage    Failure   Level
a - Magic Dart            Conj           100%       1d8       0%          1
b - Mephitic Cloud        Conj/Pois/Air  64%        N/A       1%          3
c - Call Imp              Summ           28%        N/A       11%         2
d - Blink                 Tloc           56%        N/A       11%         2
e - Conjure Flame         Conj/Fire      100%       6-21      1%          3
f - Fireball              Conj/Fire      56%        3d22      1%          5
g - Stone Arrow           Conj/Erth      100%       3d13      1%          3
h - Orb of Destruction    Conj           46%        9d15      5%          7
i - Starburst             Conj/Fire      56%        6d15      1%          6

Your spell library contained the following spells:

 Spells                   Type           Power      Damage    Failure   Level
 Ozocubu's Refrigeration  Ice            12%        4d7       100%        7
 Iskenderun's Battlesphe  Conj           92%        2d14      1%          5
 Lightning Bolt           Conj/Air       36%        1d54      3%          5
 Pain                     Necr           100%       1d9       7%          1
 Summon Small Mammal      Summ           100%       N/A       7%          1
 Beastly Appendage        Tmut           48%        N/A       12%         1
 Slow                     Hex            96%        N/A       12%         1
 Wereblood                Tmut           24%        N/A       17%         2
 Conjure Ball Lightning   Conj/Air       36%        3x3d12    17%         6
 Airstrike                Air            14%        N/A       21%         4
 Call Canine Familiar     Summ           28%        N/A       22%         3
 Spider Form              Tmut/Pois      26%        N/A       28%         3
 Summon Guardian Golem    Hex/Summ       26%        N/A       28%         3
 Ignition                 Fire           44%        3d13      52%         8
 Animate Armour           Summ/Erth      56%        N/A       61%         4
 Summon Lightning Spire   Summ/Air       28%        N/A       61%         4
 Lehudib's Crystal Spear  Conj/Erth      36%        10d9      99%         8


Dungeon Overview and Level Annotations

Branches:
Dungeon (15/15) Temple (1/1) D:4 Lair (6/6) D:9 Shoals (0/4) Lair:2 Spider (0/4) Lair:2 Slime (0/5) Lair:5 Orc (2/2) D:9 Elf (1/3) Orc:2 Vaults (0/5) D:13 D:14 Depths (0/4) D:15 Bailey (visited) Volcano (visited) Desolation (1/1)

Altars:
Ashenzari
Cheibriados
Dithmenos
Elyvilon
Fedhas
Gozag
Hepliaklqana
Kikubaaqudgha
Makhleb
Nemelex Xobeh
Okawaru
Qazlal
Ru
Sif Muna
Trog
Uskayaw
Vehumet
Wu Jian
Xom
Yredelemnul
Zin
The Shining One
Beogh

Shops:
D:9 (   D:12 [   D:13 *   D:14 (   Orc:1 [(*(:   Orc:2 ?=([


Innate Abilities, Weirdness & Mutations

Your flesh is cold resistant. (rC+)
You are robust. (+10% HP)
Your spells are a little easier to cast, but a little less powerful.


Message History

Your Fire Magic skill increases to level 14!
You have reached level 16!
You feel clever.
Casting: Starburst (dangerous; 1% risk of failure)
Confirm with . or Enter, or press ? or * to list all spells.
Casting: Starburst (dangerous; 1% risk of failure)
Press: ? - help, Dir - look around, f - activate
Okay, then.
Unknown command.
Casting: Starburst (dangerous; 1% risk of failure)
Confirm with . or Enter, or press ? or * to list all spells.
Aiming: Fireball (mildly dangerous; 1% risk of failure)
Press: ? - help, Shift-Dir - straight line, f - servant of whispers
Aim: a servant of whispers, wielding a +0 club and wearing a +0 robe (almost dead, stilling the winds)
You feel a strong surge of power!
The fireball explodes!
The fireball engulfs the servant of whispers!!!
The air resumes its normal movements.
You kill the servant of whispers!
Vehumet accepts your kill.
The ragged hierophant casts a spell at you.
A blast of power from the earth strikes you!
A ragged hierophant comes into view. It is wielding a +0 long sword.
Casting: Fireball (mildly dangerous; 1% risk of failure)
Confirm with . or Enter, or press ? or * to list all spells.
Casting: Starburst (dangerous; 1% risk of failure)
Press: ? - help, Dir - look around, f - activate You feel a strong surge of power!
The bolt of fire misses the guardian serpent.
The bolt of fire hits the ragged hierophant!!!
You kill the ragged hierophant!
Vehumet accepts your kill.
The guardian serpent casts a spell at you.
The saltling blinks into view!
Unknown command.
Casting: Starburst (dangerous; 1% risk of failure)
Confirm with . or Enter, or press ? or * to list all spells.
You blink.
The saltling hits you.
* * * LOW HITPOINT WARNING * * *
The saltling hits you!
You die...

###############
###############
###############
##########.....
#####..........
###............
##.................
#......@...........
...#..9)...........
........)..........
......§§§§9§§.§....
......§§9§a§§§§....
.........§§§§§....#
.......§§§9§§S.....
........§§§9§§§§..a
......§§§§§9....


You could see a ragged hierophant and 3 saltlings.

Vanquished Creatures
  Louise (D:15)
  A stone giant (Orc:1)
  The ghost of jejorda2 the Impaler, a journeyman GrBe of Trog (Lair:5)
  A dire elephant (Lair:6)
  2 ettins (Orc:1)
  2 ragged hierophants (Desolation)
  3 boulder beetles
  Harold (D:8)
  A catoblepas (Lair:6)
  A servant of whispers (Desolation)
  A peacekeeper (Desolation)
  3 centaur warriors
  10 hydras
  3 two-headed ogres
  A deep troll shaman (Lair:6)
  A dancing weapon (Elf:1)
  10 death yaks
  A titan zombie (Orc:1)
  A tengu warrior (D:14)
  Urug (Lair:1)
  Nergalle (Lair:3)
  4 skeletal warriors (D:14)
  2 deep elf knights (Elf:1)
  A salamander mystic (Volcano)
  2 wizards
  10 orc knights
  A deep elf zephyrmancer (Elf:1)
  A lindwurm (Lair:5)
  A necromancer (D:15)
  A lindwurm (shapeshifter) (D:14)
  6 deep elf pyromancers
  An oklob plant (Lair:3)
  3 orc sorcerers
  15 ugly things
  3 stone giant zombies (Orc:1)
  16 cyclopes
  A salamander (Volcano)
  13 elephants
  8 manticores
  A shining eye (shapeshifter) (D:15)
  3 black mambas
  8 cane toads
  2 molten gargoyles (Volcano)
  The ghost of ytrimaz the Cutter, a novice FoFi (D:5)
  3 gargoyles
  An unseen horror (D:11)
  A yaktaur (D:14)
  A yaktaur (shapeshifter) (D:14)
  An efreet (Volcano)
  A kobold demonologist (D:14)
  2 rime drakes (Lair:6)
  Maggie (D:6)
  12 komodo dragons
  A harpy zombie (D:15)
  3 saltlings (Desolation)
  3 meliai (D:13)
  13 slime creatures
  3 trolls
  3 polar bears
  8 blink frogs (Lair:2)
  5 dream sheep (Lair:4)
  Sigmund (D:5)
  A centaur simulacrum (D:15)
  2 wraiths
  A shadow (D:12)
  2 wyverns
  26 yaks
  A water elemental (Elf:1)
  16 humans (D:14)
  5 basilisks
  6 vampire mosquitoes (D:12)
  9 wargs
  4 acid dragons
  11 water moccasins
  2 hydra simulacra (Lair:5)
  3 black bears
  47 orc warriors
  An ice beast (D:8)
  11 ogres
  5 boggarts (D:14)
  16 centaurs
  30 wolves
  4 kobold brigands
  Blork the orc (D:4)
  11 bullfrogs
  A gnoll sergeant (D:10)
  A cane toad simulacrum (Lair:5)
  A wyvern zombie (D:7)
  5 scorpions
  A wyvern skeleton (D:5)
  A dream sheep simulacrum (Lair:5)
  A killer bee (D:6)
  5 wights
  5 electric eels (D:10)
  3 bullfrog zombies
  3 centaur zombies
  6 howler monkeys
  A jelly (D:6)
  A fire crab simulacrum (Lair:5)
  15 orc priests
  2 gnoll shamans
  5 hounds
  3 centaur skeletons
  Natasha (thrice) (D:3)
  An iguana (D:5)
  24 orc wizards
  Ijyb (D:3)
  2 hell rats (Lair:4)
  A killer bee zombie (D:4)
  22 gnolls
  2 howler monkey skeletons
  7 river rats (Lair:4)
  9 adders
  A white imp (D:8)
  An ufetubus (D:6)
  An adder skeleton (D:4)
  A worm (D:10)
  5 dart slugs
  100 orcs
  7 ball pythons
  2 bats (D:3)
  11 endoplasms
  A giant cockroach (D:4)
  11 hobgoblins
  7 jackals
  3 quokkas (D:2)
  3 training dummies (D:9)
  2 frilled lizards (D:2)
  5 goblins
  23 kobolds
  7 rats
752 creatures vanquished.

Vanquished Creatures (collateral kills)
  An orc (D:9)
1 creature vanquished.

Vanquished Creatures (others)
  28 fungi
  A pillar of salt (Elf:1)
  54 plants
83 creatures vanquished.

Grand Total: 836 creatures vanquished

Notes
Turn   | Place    | Note
-------+----------+-------------------------------------------
     0 | D:1      | pokeman the Deep Elf Hedge Wizard began the quest for the
                  | Orb.
     0 | D:1      | Reached XP level 1. HP: 10/10 MP: 7/7
   321 | D:1      | Reached XP level 2. HP: 16/16 MP: 3/9
   440 | D:1      | Found a faded altar of an unknown god.
   686 | D:1      | Reached skill level 5 in Spellcasting
   891 | D:1      | Reached XP level 3. HP: 20/20 MP: 3/11
   897 | D:1      | Learned a level 3 spell: Mephitic Cloud
   900 | D:1      | Learned a level 2 spell: Call Imp
   903 | D:1      | Learned a level 2 spell: Blink
   907 | D:1      | Learned a level 3 spell: Conjure Flame
  1307 | D:1      | Reached skill level 1 in Armour
  1577 | D:2      | Reached skill level 1 in Fighting
  1727 | D:1      | Reached XP level 4. HP: 12/25 MP: 3/13
  2868 | D:3      | Noticed a scorpion
  2895 | D:2      | HP: 1/25 [poisoned by a scorpion]
  3194 | D:3      | Noticed Ijyb
  3201 | D:3      | Killed Ijyb
  3202 | D:3      | Reached skill level 1 in Fire Magic
  3203 | D:3      | Noticed Natasha
  3216 | D:3      | Killed Natasha
  3217 | D:3      | Reached skill level 6 in Spellcasting
  3217 | D:3      | Reached XP level 5. HP: 18/29 MP: 1/15
  3548 | D:3      | Noticed Natasha
  3564 | D:3      | Killed Natasha
  3603 | D:3      | Noticed Natasha
  3610 | D:3      | Killed Natasha
  3745 | D:3      | Reached XP level 6. HP: 34/34 MP: 1/17
  4372 | D:4      | Found a staircase to the Ecumenical Temple.
  4383 | Temple   | Entered the Ecumenical Temple
  4658 | D:4      | Reached skill level 7 in Spellcasting
  4834 | D:4      | Noticed Blork the orc
  4845 | D:4      | Killed Blork the orc
  4846 | D:4      | Reached skill level 1 in Air Magic
  5054 | D:4      | Reached XP level 7. HP: 29/38 MP: 2/20
  5346 | D:4      | Found a sacrificial altar of Ru.
  5346 | D:4      | Found a broken altar of Ashenzari.
  5442 | D:5      | Entered Level 5 of the Dungeon
  5505 | D:5      | Reached skill level 1 in Poison Magic
  5762 | D:5      | Reached skill level 8 in Spellcasting
  5762 | D:5      | Reached skill level 1 in Evocations
  6128 | D:5      | Found a shimmering altar of Xom.
  6152 | D:5      | Noticed Sigmund
  6190 | D:5      | Killed Sigmund
  6191 | D:5      | Reached XP level 8. HP: 44/44 MP: 9/22
  6269 | D:5      | Found an ornate altar of the Wu Jian Council.
  6400 | D:5      | Found a runed translucent gate.
  6402 | D:5      | Found a runed translucent gate.
  6403 | D:5      | Found a runed translucent gate.
  6403 | D:5      | Found an opulent altar of Gozag.
  6406 | D:5      | Noticed ytrimaz's ghost (novice FoFi)
  6782 | D:6      | Learned a level 3 spell: Stone Arrow
  6794 | D:6      | Reached skill level 9 in Spellcasting
  6830 | D:6      | You fall into a shaft and drop 3 floors!
  6937 | D:8      | Found a flagged portal.
  6952 | D:8      | Reached skill level 1 in Earth Magic
  6993 | Bailey   | Entered a bailey
  7162 | Bailey   | Noticed an orc knight
  7403 | Bailey   | Killed an orc knight
  7404 | Bailey   | Reached skill level 10 in Spellcasting
  7404 | Bailey   | Reached skill level 5 in Conjurations
  7488 | Bailey   | Reached XP level 9. HP: 48/48 MP: 21/25
  7662 | D:8      | Found a shadowy altar of Dithmenos.
  7973 | D:8      | Reached skill level 11 in Spellcasting
  8220 | D:6      | Reached skill level 5 in Fire Magic
  8220 | D:6      | Noticed Maggie
  8544 | D:6      | Killed Maggie
  9561 | D:7      | Reached skill level 12 in Spellcasting
 10600 | D:8      | Reached XP level 10. HP: 56/56 MP: 17/28
 10994 | D:8      | Noticed Harold
 11015 | D:8      | Killed Harold
 11016 | D:8      | Reached skill level 13 in Spellcasting
 11717 | D:9      | Found a staircase to the Lair.
 11879 | D:9      | Found a staircase to the Orcish Mines.
 12246 | D:9      | Found Ihoy's Firing Range.
 12380 | D:9      | Reached skill level 14 in Spellcasting
 12754 | D:10     | Entered Level 10 of the Dungeon
 12784 | D:10     | Found a radiant altar of Vehumet.
 12789 | D:10     | Became a worshipper of Vehumet
 12804 | D:10     | Found an ancient bone altar of Kikubaaqudgha.
 12821 | D:10     | Got Kikubaaqudgha's Almanac of Sinister Arts
 12829 | D:10     | Found a shimmering blue altar of Sif Muna.
 12904 | D:10     | Noticed a cyclops
 12916 | D:10     | Noticed a boulder beetle
 12924 | D:10     | Killed a cyclops
 12944 | D:10     | Killed a boulder beetle
 12945 | D:10     | Reached XP level 11. HP: 34/61 MP: 1/31
 13684 | D:10     | Found a snail-covered altar of Cheibriados.
 14172 | D:10     | Found a white marble altar of Elyvilon.
 14294 | D:11     | Reached skill level 15 in Spellcasting
 14410 | D:11     | Reached * piety under Vehumet
 14410 | D:11     | Offered knowledge of Freeze by Vehumet.
 14981 | D:11     | Reached skill level 5 in Armour
 15121 | D:11     | Noticed a six-headed hydra
 15125 | D:11     | Killed a six-headed hydra
 15209 | D:11     | Reached skill level 16 in Spellcasting
 15696 | D:12     | Reached skill level 1 in Necromancy
 16592 | D:12     | Reached XP level 12. HP: 64/66 MP: 22/34
 16704 | D:12     | Found Senitu Voesa's Antique Armour Emporium.
 17331 | D:12     | Offered knowledge of Shock by Vehumet.
 17418 | D:13     | Reached ** piety under Vehumet
 17582 | D:13     | Noticed a boulder beetle
 17594 | D:13     | Killed a boulder beetle
 17595 | D:13     | Reached skill level 10 in Conjurations
 17680 | D:13     | Noticed a centaur warrior
 17691 | D:13     | Killed a centaur warrior
 17722 | D:13     | Reached skill level 17 in Spellcasting
 18109 | D:13     | Found Muysax's Assorted Antiques.
 18477 | D:14     | Found a gate to the Vaults.
 18498 | D:14     | Noticed a centaur warrior
 18514 | D:14     | Killed a centaur warrior
 18520 | D:14     | Noticed a two-headed ogre
 18662 | D:14     | Killed a two-headed ogre
 18663 | D:14     | Reached skill level 10 in Fire Magic
 18721 | D:14     | Offered knowledge of Inner Flame by Vehumet.
 18882 | D:14     | Noticed a centaur warrior
 18886 | D:14     | Killed a centaur warrior
 18887 | D:14     | Reached skill level 18 in Spellcasting
 18904 | D:14     | Reached skill level 5 in Fighting
 18951 | D:14     | Reached *** piety under Vehumet
 19275 | D:14     | Reached XP level 13. HP: 72/72 MP: 21/37
 19839 | D:14     | Offered knowledge of Frozen Ramparts by Vehumet.
 20120 | D:14     | Reached skill level 19 in Spellcasting
 20660 | D:14     | Found Goothaf's Antique Weapon Emporium.
 20706 | D:15     | Entered Level 15 of the Dungeon
 21483 | D:15     | Reached **** piety under Vehumet
 21493 | D:15     | Found a staircase to the Depths.
 21509 | D:15     | Noticed Louise
 21636 | D:15     | Gained mutation: You are frail. (-10% HP) [a shining eye]
 21740 | D:15     | Identified the +6 quarterstaff of Limmelit {speed, rN+
                  | rCorr Int+2}
 22856 | D:15     | Killed Louise
 23386 | Lair:1   | Entered Level 1 of the Lair of Beasts
 23409 | Lair:1   | Offered knowledge of Iskenderun's Mystic Blast by Vehumet.
 23418 | Lair:1   | Reached skill level 20 in Spellcasting
 23539 | Lair:1   | Noticed Urug
 23547 | Lair:1   | Killed Urug
 23897 | Lair:1   | Reached XP level 14. HP: 72/72 MP: 31/40
 24348 | Lair:2   | Found a hole to the Spider Nest.
 24525 | Lair:2   | Found a staircase to the Shoals.
 25791 | Lair:3   | Reached ***** piety under Vehumet
 26094 | Lair:3   | Noticed Nergalle
 26098 | Lair:3   | Killed Nergalle
 27212 | Lair:4   | Offered knowledge of Sticky Flame by Vehumet.
 27509 | Lair:4   | Identified a scroll of acquirement
 27510 | Lair:4   | Acquired a book of the Spheres
 27518 | Lair:4   | Learned a level 5 spell: Fireball
 27526 | Lair:4   | Learned a level 7 spell: Orb of Destruction
 27715 | Lair:4   | Reached skill level 21 in Spellcasting
 28318 | Lair:5   | Identified the +1 ring mail of Qathoi Gull {Will++ rCorr
                  | Str-3 Stlth+}
 28620 | Lair:5   | Found a runed translucent gate.
 28621 | Lair:5   | Found a runed translucent gate.
 28622 | Lair:5   | Found a runed translucent gate.
 28701 | Lair:5   | Learned a level 6 spell: Starburst
 28777 | Lair:5   | Found a staircase to the Slime Pits.
 28957 | Lair:5   | Noticed jejorda2's ghost (journeyman GrBe)
 29095 | Lair:5   | Killed jejorda2's ghost
 29476 | D:5      | Killed ytrimaz's ghost
 29814 | Lair:6   | Entered Level 6 of the Lair of Beasts
 30381 | Lair:6   | Found a snail-covered altar of Cheibriados.
 30552 | Lair:6   | Reached XP level 15. HP: 77/77 MP: 27/42
 30817 | Lair:6   | Reached skill level 22 in Spellcasting
 31628 | Orc:1    | Entered Level 1 of the Orcish Mines
 31628 | Orc:1    | Found Muyveywn's Book Emporium.
 31648 | Orc:1    | Found Raicet's Weapon Emporium.
 31702 | Orc:1    | Found a dark tunnel.
 31707 | Volcano  | Entered a volcano
 32078 | Volcano  | Noticed an orb of fire
 32110 | Volcano  | Noticed an orb of fire
 32323 | Orc:1    | Found Nachemu's General Store.
 32351 | Orc:1    | Bought a manual of Conjurations for 1120 gold pieces
 32367 | Orc:1    | Found Zakoyg's Weapon Boutique.
 32399 | Orc:1    | Found Dunoyx's Armour Emporium.
 32661 | Orc:1    | Offered knowledge of Fulminant Prism by Vehumet.
 32980 | Orc:1    | Identified the +7 shortbow of Chance {freeze, rElec Str+4
                  | Dex+7}
 33211 | Orc:2    | Entered Level 2 of the Orcish Mines
 33642 | Orc:2    | Reached skill level 23 in Spellcasting
 34262 | Orc:2    | Found Xuih's Magic Scroll Shop.
 34262 | Orc:2    | Found Hakath's Jewellery Shoppe.
 34267 | Orc:2    | Bought a scroll of identify for 28 gold pieces
 34302 | Orc:2    | Found Uthrosu's Antique Weapon Shop.
 34302 | Orc:2    | Found Viezu's Armour Shoppe.
 34333 | Orc:2    | Found a staircase to the Elven Halls.
 34349 | Orc:2    | Bought a +2 pair of boots of flying for 279 gold pieces
 34702 | Orc:2    | Offered knowledge of Ozocubu's Refrigeration by Vehumet.
 34850 | Orc:2    | Lost mutation: You are frail. (-10% HP) [potion of
                  | mutation]
 34850 | Orc:2    | Gained mutation: You are robust. (+10% HP) [potion of
                  | mutation]
 34850 | Orc:2    | Gained mutation: Your spells are a little easier to cast,
                  | but a little less powerful. [potion of mutation]
 34850 | Orc:2    | Gained mutation: Your flesh is cold resistant. (rC+)
                  | [potion of mutation]
 35365 | Elf:1    | Entered Level 1 of the Elven Halls
 35446 | Elf:1    | Found a crumbling gateway.
 35455 | Desolati | Entered the Desolation of Salt
 35461 | Desolati | Reached skill level 15 in Conjurations
 35463 | Desolati | Reached skill level 1 in Shields
 35464 | Desolati | Reached XP level 16. HP: 9/101 MP: 19/45
 35466 | Desolati | Slain by a saltling

Illustrated notes

Levels and vault maps discovered:
D:1:      shiori_shiawase, layout_rooms,
          dreamdust_ecumenical_altar_angels_and_demons, minmay_distorted
D:2:      layout_rooms
D:3:      layout_loops_ring, uniq_ijyb, uniq_natasha
D:4:      layout_rooms, gammafunk_temple_overflow_statue,
          minmay_temple_entry_stoned_glass, uniq_blork_the_orc
D:5:      layout_basic, pdpol_wu_jian_five_deadly_venoms, xom_butterflies,
          ebering_ghost_gozag, uniq_sigmund
D:6:      layout_basic, minmay_misc_feat_diagonals, minmay_crossroads,
          uniq_maggie
D:7:      layout_loops_corners, serial_rivers, chequers_serial_rivers_marsh,
          chequers_serial_rivers_large_a, chequers_serial_rivers_marsh,
          chequers_serial_rivers_micro_e, chequers_serial_rivers_micro_a,
          chequers_serial_rivers_micro_c
D:8:      layout_loops_ring, mainiacjoe_overflow_cross_hatched, enter_bailey_2,
          minmay_misc_feat_cross, uniq_harold
D:9:      layout_basic, lair_entry_dummy, david_orc_1_choice,
          nicolae_shop_firing_range
D:10:     layout_basic, palyth_temple_overflow_mages,
          mainiacjoe_overflow_alcove_2, chei_slow_surprise
D:11:     layout_loops_ring, minmay_fractal_squares_gapless_5
D:12:     layout_basic, serial_shops, kennysheep_mini_moat
D:13:     layout_long_grid, serial_shops, nicolae_shop_advertising_works
          [nicolae_subvault_shop_adworks]
D:14:     layout_loops_ring, david_vaults_3, serial_shops, kennysheep_mini,
          minivault_23
D:15:     grunt_enter_depths_magical_seal, layout_loops_corners,
          solitary_fountain, uniq_louise
Temple:   minmay_temple_bridge_abc
Lair:1:   layout_misc_corridors, uniq_urug
Lair:2:   layout_regular_city, minmay_shoals_entry_centaurs, dummy_spider_entry,
          grunt_megastairs_3
Lair:3:   layout_regular_city, minmay_lair_oklob_items, uniq_nergalle
Lair:4:   layout_gridlike, kennysheep_abandoned_house
Lair:5:   layout_hall_layers, slime_dummy, gammafunk_ghost_necromancy,
          grunt_megastairs_5
Lair:6:   grunt_lair_end_beastmaster, layout_regular_city, basic_altar
Orc:1:    giant_chief_lemuel, layout_caves, enter_volcano_4, serial_shops,
          nicolae_shop_bloodbath_and_beyond,
          nicolae_shop_competitors_out_of_business, shop, shop,
          nicolae_shop_statue_plus
Orc:2:    st_orc_town, layout_diamond_mine
Elf:1:    layout_gridlike, portal_desolation_entry_garden,
          hangedman_elven_crosses_minicolossus
Desolation

Skill      XL: |  1  2  3  4  5  6  7  8  9 10 11 12 13 14 15 |
---------------+----------------------------------------------+-----
Spellcasting   | 5 6 7 8 10 12 14 16 18 20 21 23 | 23.4
Armour         | 1 2 3 4 5 6 7 8 |  8.3
Fighting       | 1 2 3 4 5 6 7 |  7.0
Conjurations   | 2 3 4 5 7 8 9 11 12 13 15 | 15.1
Dodging        | 3 4 |  4.0
Fire Magic     | 1 2 4 6 7 9 10 11 12 14 | 14.0
Air Magic      | 1 |  1.1
Stealth        | 3 |  3.0
Poison Magic   | 1 |  1.0
Evocations     | 1 |  1.2
Earth Magic    | 1 |  1.0
Necromancy     | 1 |  1.0
Shields        | 1 |  1.2
Summonings     | |  1.1
Translocations | |  1.1

Action                   |  1- 3 |  4- 6 |  7- 9 | 10-12 | 13-15 | 16-18 || total
-------------------------+-------+-------+-------+-------+-------+-------++-------
Melee: Dagger            |     2 |       |       |       |       |       ||     2
       Flail             |       |    15 |       |       |       |       ||    15
       Club              |       |    26 |    18 |       |       |       ||    44
       Trident           |       |       |    19 |       |       |       ||    19
       Whip              |       |       |    63 |   200 |    40 |       ||   303
       Staff             |       |       |       |       |    29 |       ||    29
 Cast: Magic Dart        |   111 |   130 |   213 |    42 |     4 |       ||   500
       Mephitic Cloud    |       |    11 |    23 |    51 |    32 |       ||   117
       Call Imp          |       |     4 |     2 |     6 |     7 |       ||    19
       Conjure Flame     |       |     4 |    19 |    36 |    51 |       ||   110
       Blink             |       |     2 |       |     3 |    14 |     1 ||    20
       Stone Arrow       |       |       |       |   204 |   325 |       ||   529
       Fireball          |       |       |       |       |   262 |     1 ||   263
       Orb of Destructio |       |       |       |       |    11 |       ||    11
       Starburst         |       |       |       |       |     8 |     1 ||     9
Evoke: Wand              |       |       |       |     4 |     9 |       ||    13
       Lightning rod     |       |       |       |       |     4 |       ||     4
       Box of beasts     |       |       |       |       |     1 |       ||     1
  Use: Scroll            |       |       |       |    14 |    10 |       ||    24
       Potion            |       |       |       |       |     1 |       ||     1
 Stab: Confused          |       |     1 |     2 |    16 |     1 |       ||    20
       Sleeping          |       |     1 |     1 |       |       |       ||     2
Armor: Leather armour    |     4 |    21 |    58 |     9 |       |       ||    92
       Acid dragon scale |       |       |       |    58 |    56 |       ||   114
       Fire dragon scale |       |       |       |       |    84 |     1 ||    85
Dodge: Dodged            |    24 |    58 |    87 |    99 |   116 |       ||   384
Block: Other             |       |       |    29 |     4 |       |       ||    33
       Reflection        |       |       |     1 |     2 |       |       ||     3

Table legend: (Time is in decaauts)
 A = Elapsed time spent in this place.
 B = Non-inter-level travel time spent in this place.
 C = Inter-level travel time spent in this place.
 D = Time resting spent in this place.
 E = Time spent auto-exploring this place.
 F = Levels seen in this place.
 G = Mean time per level.
                   A        B        C        D        E       F      G
               +--------+--------+--------+--------+--------+-----+--------+
         Total |  35625 |  32474 |   3151 |   4043 |  22857 |  28 | 1272.3 |
       Dungeon |  23332 |  20887 |   2445 |   3188 |  14086 |  15 | 1555.5 |
        Temple |    368 |    332 |     36 |      0 |    212 |   1 |  368.0 |
          Lair |   7825 |   7349 |    476 |    396 |   6074 |   6 | 1304.2 |
  Orcish Mines |   2854 |   2661 |    193 |    252 |   1822 |   2 | 1427.0 |
   Elven Halls |     89 |     89 |      0 |     63 |      0 |   1 |   89.0 |
        Bailey |    638 |    638 |      0 |     50 |    446 |   1 |  638.0 |
       Volcano |    506 |    506 |      0 |     94 |    217 |   1 |  506.0 |
    Desolation |     10 |     10 |      0 |      0 |      0 |   1 |   10.0 |
               +--------+--------+--------+--------+--------+-----+--------+

Top non-repeatable levels by time:
    D:14: 2124 daAuts
    D:15: 2065 daAuts
     D:5: 1891 daAuts
     D:1: 1878 daAuts
     D:9: 1747 daAuts
    D:10: 1674 daAuts
  Lair:6: 1630 daAuts
    D:12: 1516 daAuts
     D:8: 1506 daAuts
    D:13: 1497 daAuts
   Orc:1: 1456 daAuts
   Orc:2: 1398 daAuts
  Lair:2: 1366 daAuts
  Lair:3: 1339 daAuts
     D:6: 1333 daAuts
